 Dungeon Crawl Stone Soup version 0.24.0-13-gcf9b3192b9 (webtiles) character file.

Game seed: 8118962101893850400, levelgen mode: deterministic

760 Arum the Shield-Bearer (level 8, -8/64 HPs)
             Began as a Formicid Fighter on Nov 10, 2019.
             Mangled by Menkaure (17 damage)
             ... on level 4 of the Dungeon.
             The game lasted 00:06:16 (3683 turns).

Arum the Shield-Bearer (Formicid Fighter)           Turns: 3683, Time: 00:06:16

Health: -8/64      AC:  6    Str: 20    XL:     8   Next: 7%
Magic:  8/8        EV:  8    Int:  9    God:
Gold:   231        SH: 10    Dex: 12    Spells: 7/7 levels left

rFire    . . .     SeeInvis +   a - +0 quarterstaff
rCold    . . .     Gourm    .   c - +0 shield
rNeg     . . .     Faith    .   b - +0 scale mail
rPois    .         Spirit   .   (helmet unavailable)
rElec    .         Reflect  .   (no cloak)
rCorr    .         Harm     .   (no gloves)
MR       .....                  (no boots)
Stlth    ..........             i - amulet of regeneration
HPRegen  0.60/turn              (no ring)
MPRegen  0.11/turn              (no ring)

@: no status effects
A: permanent stasis, dig shafts and tunnels, four strong arms, antennae 3
a: Dig, Shaft Self


You were on level 4 of the Dungeon.
You were very hungry.

You visited 1 branch of the dungeon, and saw 4 of its levels.

You collected 231 gold pieces.

Inventory:

Hand Weapons
 a - a +0 quarterstaff (weapon)
Missiles
 t - 4 throwing nets (quivered)
Armour
 b - a +0 scale mail (worn)
 c - a +0 shield (worn)
Jewellery
 i - an amulet of regeneration (around neck)
Wands
 q - a wand of digging (4)
Scrolls
 e - 3 scrolls of identify {unknown}
 g - 3 scrolls of remove curse {unknown}
 h - a scroll of noise {unknown}
 j - 2 scrolls of teleportation {unknown}
 k - 2 scrolls of blinking {unknown}
 o - a scroll of magic mapping {unknown}
 p - a scroll of enchant armour {unknown}
 w - a scroll of immolation {unknown}
Potions
 d - a potion of might
 l - a potion of haste {unknown}
 m - a potion of flight {unknown}
 n - a potion of brilliance {unknown}
 r - 2 potions of berserk rage {unknown}
 s - a potion of curing
 u - a potion of mutation {unknown}
 v - a potion of agility {unknown}
 x - a potion of degeneration {unknown}
 z - a potion of magic {unknown}
Comestibles
 f - 10 rations


   Skills:
 + Level 6.2 Fighting
 + Level 5.1 Staves
 - Level 3.2 Armour
 + Level 6.8 Shields


You had 7 spell levels left.
You didn't know any spells.
Your spell library was empty.

Dungeon Overview and Level Annotations

Branches:
Dungeon (4/15)
 Temple: D:4-7

Altars:
Vehumet

Shops:
D:4 :

Annotations:
D:4 Menkaure


Innate Abilities, Weirdness & Mutations

You cannot be hasted, slowed, berserked, paralysed or teleported.
You can dig through walls and to a lower floor.
Your four strong arms can wield two-handed weapons with a shield.
You have a pair of large antennae on your head. (SInv)


Message History

Your shield and scale mail prevent you from hitting Menkaure.
Menkaure closely misses you.
You hit Menkaure but do no damage. Menkaure hits you!
Your shield and scale mail prevent you from hitting Menkaure.
You block Menkaure's attack.
You sock Menkaure!
Menkaure is heavily damaged.
Menkaure points at you and mumbles some strange words.
Pain shoots through your body!
* * * LOW HITPOINT WARNING * * *
Your scale mail prevents you from hitting Menkaure.
Menkaure is heavily damaged.
You hit Menkaure.
Menkaure is severely damaged.
Menkaure hits you!
* * * LOW HITPOINT WARNING * * *
You hit Menkaure.
Menkaure is severely damaged.
Menkaure hits you!
You die...

#...........#
#...........#
#...........#
#.).........######
##########.......#
#.......#
#.......#
#.......#
#....@$.#
#>....M.#
#.......#
#.......#
#########


You could see Menkaure.

Vanquished Creatures
  A phantom (D:4)
  An ogre (D:3)
  A bullfrog skeleton (D:4)
  3 gnoll shamans (D:3)
  5 adders
  34 gnolls (D:3)
  2 worms
  2 dart slugs (D:2)
  2 leopard geckos
  3 bats (D:1)
  3 giant cockroaches
  8 goblins
  7 hobgoblins
  19 jackals
  6 kobolds
  A quokka (D:2)
  A ball python (D:2)
  6 frilled lizards
  3 rats
  A plant (D:3)
109 creatures vanquished.

Notes
Turn   | Place    | Note
-------+----------+-------------------------------------------
     0 | D:1      | Arum the Formicid Fighter began the quest for the Orb.
     0 | D:1      | Reached XP level 1. HP: 18/18 MP: 1/1
   179 | D:1      | Reached XP level 2. HP: 21/24 MP: 2/2
   716 | D:2      | Reached XP level 3. HP: 23/30 MP: 3/3
  1117 | D:2      | Reached XP level 4. HP: 29/37 MP: 4/4
  1123 | D:2      | Found a faded altar of an unknown god.
  1197 | D:2      | Found a radiant altar of Vehumet.
  1628 | D:3      | Reached XP level 5. HP: 38/42 MP: 5/5
  1967 | D:3      | Reached skill level 5 in Shields
  2555 | D:3      | Reached XP level 6. HP: 46/49 MP: 6/6
  2590 | D:3      | Reached skill level 5 in Fighting
  2594 | D:3      | Noticed an ogre
  2633 | D:3      | Killed an ogre
  2633 | D:3      | Reached XP level 7. HP: 29/56 MP: 7/7
  3274 | D:4      | Reached skill level 5 in Staves
  3274 | D:4      | Reached XP level 8. HP: 62/64 MP: 8/8
  3418 | D:4      | Found Taomon's Book Shoppe.
  3671 | D:4      | Noticed Menkaure
  3683 | D:4      | Mangled by Menkaure

Levels and vault maps discovered:
D:1:      giann_forest_graveyard, layout_basic
D:2:      layout_rooms, chequers_ecumenical_altar_grove, lemuel_tele_altar
D:3:      lemuel_castle_with_subvaults [lemuel_castle_interior_carwin_3],
          layout_rooms
D:4:      layout_gridville, serial_shops, nicolae_shop_trees, uniq_menkaure

Skill      XL: |  1  2  3  4  5  6  7 |
---------------+----------------------+-----
Shields        | 4 5 6 |  6.8
Fighting       | 4 5 6 |  6.2
Staves         | 3 4 5 |  5.1
Armour         | |  3.2

Action                   |  1- 3 |  4- 6 |  7- 9 || total
-------------------------+-------+-------+-------++-------
Melee: Quarterstaff      |   100 |   212 |   145 ||   457
 Abil: Dig               |       |     4 |       ||     4
  Use: Potion            |       |     2 |     1 ||     3
  Eat: Chunk             |     1 |     5 |     3 ||     9
Armor: Scale mail        |    50 |    64 |    24 ||   138
Dodge: Dodged            |    36 |    61 |    32 ||   129
Block: Shield            |    46 |   100 |    54 ||   200
